 Dungeon Crawl Stone Soup version 0.25.1-11-g244df3a29b (webtiles) character file.

Game seed: 10451203986311733137

5944 DeepDeath the Cleaver (level 10, -1/88 HPs)
             Began as a Hill Orc Fighter on Jan 12, 2024.
             Was an Elder of Fedhas.
             Slain by an eight-headed hydra (3 damage)
             ... on level 9 of the Dungeon on Jan 13, 2024.
             The game lasted 00:24:04 (8719 turns).

DeepDeath the Cleaver (Hill Orc Fighter)            Turns: 8719, Time: 00:24:04

Health: -1/88      AC: 12    Str: 22    XL:     10   Next: 83%
Magic:  11/13      EV: 11    Int:  9    God:    Fedhas [****..]
Gold:   416        SH:  0    Dex: 10    Spells: 9/9 levels left

rFire    . . .     SeeInvis .   s - +1 flail (drain)
rCold    . . .     Gourm    .   (no shield)
rNeg     . . .     Faith    .   v - +1 scale mail
rPois    .         Spirit   .   D - +0 helmet (curse)
rElec    .         Reflect  .   y - +0 cloak
rCorr    .         Harm     .   (no gloves)
MR       .....                  (no boots)
Stlth    ..........             n - amulet of regeneration
HPRegen  0.64/turn              (no ring)
MPRegen  0.13/turn              (no ring)

@: no status effects
A: no striking features
a: Wall of Briars, Grow Ballistomycete, Overgrow, Renounce Religion


You were on level 9 of the Dungeon.
You worshipped Fedhas.
Fedhas was greatly pleased with you.
You were not hungry.

You visited 2 branches of the dungeon, and saw 10 of its levels.
You also visited: Ossuary.

You collected 507 gold pieces.
You spent 91 gold pieces at shops.

Inventory:

Hand Weapons
 b - a +0 war axe
 s - a +1 flail of draining (weapon)
 w - a +0 war axe
 E - a +0 vorpal flail
 G - the +8 long sword "Voebafai" {vorpal, rElec, unknown}
   (You found it on level 7 of the Dungeon)

   It inflicts extra damage upon your enemies.
   It insulates you from electricity.
 H - the cursed +2 rapier of Beogh's Respect {freeze, rF+, unknown}
   (You found it on level 7 of the Dungeon)

   It has been specially enchanted to freeze those struck by it, causing extra
   injury to most foes and up to half again as much damage against particularly
   susceptible opponents.
   It can also slow down cold-blooded creatures.
   It protects you from fire.
   It has a curse placed upon it.
 K - a +0 shortbow of freezing
Missiles
 a - 26 poisoned darts (quivered)
 h - a throwing net
 i - 6 javelins
 k - 289 stones
 l - 73 bolts
 t - 51 sling bullets
 x - 172 arrows
 F - 7 curare-tipped darts
 M - 16 boomerangs
Armour
 u - a +0 kite shield
 v - a +1 scale mail (worn)
 y - a +0 cloak (worn)
 D - a cursed +0 helmet (worn)
 L - a +0 leather armour of cold resistance
Magical Staves
 g - an uncursed staff of poison
Jewellery
 n - an amulet of regeneration (around neck)
 o - an uncursed amulet of the acrobat
Wands
 j - a wand of digging (4)
 p - a wand of iceblast (24)
 C - a wand of paralysis (18)
Scrolls
 e - 2 scrolls of amnesia
 q - 6 scrolls of remove curse
 r - 3 scrolls of enchant armour
 I - a scroll of magic mapping
 N - a scroll of fog {unknown}
 O - a scroll of blinking
Potions
 c - 5 potions of curing
 d - a potion of stabbing {unknown}
 m - 2 potions of haste
 z - 2 potions of might
 A - 2 potions of brilliance
 B - a potion of magic
 J - a potion of berserk rage {unknown}
Comestibles
 f - 20 rations


   Skills:
 + Level 7.7 Fighting
 * Level 13.7 Axes
 - Level 2.0 Throwing
 + Level 9.1 Armour
 + Level 3.9 Dodging
 - Level 3.2 Shields
 - Level 4.0 Invocations
 - Level 2.0 Evocations


You had 9 spell levels left.
You didn't know any spells.
Your spell library was empty.

Dungeon Overview and Level Annotations

Branches:
Dungeon (9/15)             Temple (1/1) D:4         Ossuary (visited)
   Lair: D:8-11         Orc: D:9-12

Altars:
Ashenzari
Cheibriados
Dithmenos
Elyvilon
Fedhas
Gozag
Hepliaklqana
Kikubaaqudgha
Makhleb
Nemelex Xobeh
Okawaru
Qazlal
Ru
Trog
Uskayaw
Vehumet
Wu Jian
Xom
Yredelemnul
Zin
The Shining One

Shops:
D:5 *


Message History

The eight-headed hydra is almost dead.
The eight-headed hydra bites you but does no damage. x2
The eight-headed hydra closely misses you.
The eight-headed hydra bites you but does no damage. x2
The eight-headed hydra bites you.
* * * LOW HITPOINT WARNING * * *
The eight-headed hydra bites you.
* * * LOW HITPOINT WARNING * * *
The eight-headed hydra bites you but does no damage.
Unknown command.
You hit the eight-headed hydra.
The eight-headed hydra is almost dead.
The eight-headed hydra bites you but does no damage.
The eight-headed hydra bites you.
* * * LOW HITPOINT WARNING * * *
The eight-headed hydra bites you.
* * * LOW HITPOINT WARNING * * *
The eight-headed hydra bites you.
You die...
Fedhas appreciates your contribution to the ecosystem.

.... ##.. ####.#. ### #...
#..... ...# ##... #....# ###
..# ##.... ##....# ..##.#
#...## ##..8'8# ..#.###
###.###
##.(.#.######.#...###..###
#.... #..'.....#...<......###
.###..#..'..@D.#..###.......#
#..#)######.#.## #........
#.8)8#.._.P#.# #........
#....#⌠...##.# #........
#...(######..# #.....>..
#............# #........
#######....### ##.......
###### ########


You could see an eight-headed hydra (drained).

Vanquished Creatures
  A centaur warrior (D:9)
  Grinder (D:4)
  A hornet (D:9)
  A shadow (D:9)
  4 yaks (D:9)
  A basilisk (D:9)
  A hungry ghost (D:7)
  A water moccasin (D:3)
  An orc warrior (D:7)
  A sky beast (D:7)
  3 ice beasts
  3 black bears
  An eye of draining (D:8)
  2 ogres
  A phantom (D:7)
  A hornet zombie (D:9)
  5 centaurs
  4 bullfrogs
  A wyvern skeleton (D:7)
  5 killer bees (D:7)
  4 crimson imps
  A centaur zombie (D:4)
  4 jellies
  A centaur skeleton (D:5)
  3 orc priests
  3 hounds
  6 orc wizards
  2 gnoll shamans
  3 bullfrog skeletons
  5 iguanas
  9 worker ants
  5 big kobold zombies (Ossuary)
  2 hound skeletons (D:7)
  2 mummies (Ossuary)
  A howler monkey skeleton (D:2)
  10 gnolls
  7 adders
  A shadow imp (D:7)
  3 oozes
  9 adder zombies
  4 adder skeletons
  2 worms (D:2)
  2 dart slugs
  7 leopard geckos
  38 orcs
  2 bats
  2 bat skeletons (D:5)
  3 bat zombies (D:5)
  5 giant cockroaches
  4 gnoll zombies (Ossuary)
  5 goblins
  4 hobgoblins
  5 jackals
  3 quokkas
  3 ball pythons
  7 frilled lizards
  6 hobgoblin zombies (Ossuary)
  2 jackal skeletons
  10 kobolds
  5 kobold zombies (Ossuary)
  A leopard gecko skeleton (D:4)
  4 orc zombies (Ossuary)
  2 quokka zombies
  11 rats
257 creatures vanquished.

Notes
Turn   | Place    | Note
-------+----------+-------------------------------------------
     0 | D:1      | DeepDeath the Hill Orc Fighter began the quest for the Orb.
     0 | D:1      | Reached XP level 1. HP: 19/19 MP: 1/1
   134 | D:1      | Reached skill level 3 in Axes
   134 | D:1      | Reached XP level 2. HP: 27/27 MP: 2/2
   542 | D:1      | Reached XP level 3. HP: 33/33 MP: 3/3
   805 | D:2      | Reached skill level 4 in Axes
  1048 | D:2      | Reached XP level 4. HP: 34/40 MP: 4/4
  1350 | D:2      | Reached skill level 5 in Axes
  1753 | D:3      | Noticed a water moccasin
  1771 | D:3      | Killed a water moccasin
  1771 | D:3      | Reached skill level 6 in Axes
  1771 | D:3      | Reached XP level 5. HP: 33/46 MP: 5/5
  2177 | D:3      | Reached XP level 6. HP: 40/52 MP: 6/6
  2551 | D:4      | Found a shattered altar of Ashenzari.
  2553 | D:4      | Found a snail-covered altar of Cheibriados.
  2608 | D:4      | Reached skill level 7 in Axes
  2608 | D:4      | Reached skill level 5 in Armour
  2638 | D:4      | Found a sand-covered staircase.
  2662 | D:4      | Noticed Grinder
  2663 | D:4      | Paralysed by Grinder for 3 turns
  2668 | D:4      | Paralysed by Grinder for 7 turns
  2677 | D:4      | Killed Grinder
  2677 | D:4      | Reached skill level 8 in Axes
  2677 | D:4      | Reached XP level 7. HP: 27/59 MP: 7/7
  2780 | Ossuary  | Entered an ossuary
  3319 | D:4      | Found a staircase to the Ecumenical Temple.
  3337 | Temple   | Entered the Ecumenical Temple
  3356 | Temple   | Became a worshipper of Fedhas Madash
  3610 | D:5      | Entered Level 5 of the Dungeon
  3664 | D:5      | Reached skill level 1 in Throwing
  3664 | D:5      | Reached skill level 1 in Evocations
  3751 | D:5      | Found an ancient bone altar of Kikubaaqudgha.
  3828 | D:5      | Reached skill level 1 in Dodging
  3881 | D:5      | Reached XP level 8. HP: 67/67 MP: 8/8
  3891 | D:5      | Reached skill level 1 in Invocations
  3896 | D:5      | Reached * piety under Fedhas
  4101 | D:5      | Reached skill level 9 in Axes
  4402 | D:5      | Found Mulyodov's General Store.
  4410 | D:5      | Bought a cursed ring of attention for 63 gold pieces
  4410 | D:5      | Bought a scroll of identify for 28 gold pieces
  4674 | D:6      | Reached skill level 5 in Fighting
  4677 | D:6      | Found a blossoming altar of Fedhas.
  5013 | D:6      | Reached ** piety under Fedhas
  5180 | D:6      | Found a bloodstained altar of Trog.
  5237 | D:6      | Reached skill level 10 in Axes
  5237 | D:6      | Reached XP level 9. HP: 69/75 MP: 10/10
  5254 | D:6      | Found a stormy altar of Qazlal.
  5733 | D:7      | Got a translucent rapier
  5771 | D:7      | Reached skill level 11 in Axes
  6243 | D:7      | Reached skill level 12 in Axes
  6343 | D:7      | Reached *** piety under Fedhas
  6343 | D:7      | HP: 1/75 [orc priest/divine providence (14)]
  6694 | D:7      | Found a hide-covered altar of Uskayaw.
  6955 | D:7      | Reached XP level 10. HP: 45/84 MP: 12/12
  7286 | D:7      | Got an ichor-stained long sword
  7925 | D:8      | Found a shadowy altar of Dithmenos.
  8059 | D:9      | Reached **** piety under Fedhas
  8083 | D:9      | Reached skill level 13 in Axes
  8314 | D:9      | Noticed a white ugly thing
  8574 | D:9      | Noticed a centaur warrior
  8587 | D:9      | Killed a centaur warrior
  8588 | D:9      | Found a large runed translucent door.
  8614 | D:9      | Found a large runed translucent door.
  8706 | D:9      | Found a snail-covered altar of Cheibriados.
  8706 | D:9      | Noticed an eight-headed hydra
  8719 | D:9      | HP: 2/88 [eight-headed hydra (3)]
  8719 | D:9      | Slain by an eight-headed hydra

Illustrated notes

Levels and vault maps discovered:
D:1:      dpeg_arrival_pits, layout_loops_ring, chequers_avenue
D:2:      layout_loops_cross, ebering_dispersal_statue_hall
D:3:      layout_basic, first_ration
D:4:      cheibrodos_old_hovel, layout_cave_pools, grunt_temple_overflow_open,
          minmay_temple_entry_crystal_x, serial_undead, serial_undead_b,
          serial_undead_b, serial_undead_f, serial_undead_e,
          nicolae_ossuary_entry_ruins, uniq_grinder
D:5:      layout_loops_corners, kennysheep_vampire_church, serial_shops, shop
D:6:      layout_basic, grunt_qazlal_sundering, trog_ov_bears_minmay,
          fedhas_altar_fruit_tree
D:7:      layout_basic, lemuel_doored_altar, grunt_ogre_cave,
          kennysheep_generic_room_11
D:8:      layout_cave_pools, nicolae_dithmenos_the_darkroom
D:9:      layout_cave_pods, erik_lair_dragon, jmf_multi_god_temple2
Temple:   lightli_temple_of_artemis

Skill      XL: |  1  2  3  4  5  6  7  8  9 10 |
---------------+-------------------------------+-----
Axes           | 3 4 6 8 10 12 13 | 13.7
Fighting       | 4 5 6 7 |  7.7
Armour         | 4 5 6 7 8 9 |  9.1
Throwing       | 1 2 |  2.0
Evocations     | 1 2 |  2.0
Dodging        | 1 2 3 |  3.9
Invocations    | 2 3 4 |  4.0
Shields        | |  3.2

Action                   |  1- 3 |  4- 6 |  7- 9 | 10-12 || total
-------------------------+-------+-------+-------+-------++-------
Melee: War axe           |   109 |   157 |   566 |   205 ||  1037
       Flail             |       |       |       |     7 ||     7
Throw: Stone             |       |     3 |       |       ||     3
       Dart              |       |       |     6 |     9 ||    15
       Throwing net      |       |       |       |     2 ||     2
Invok: Wall of Briars    |       |       |       |     1 ||     1
  Use: Scroll            |     4 |     2 |     7 |     2 ||    15
       Potion            |       |     4 |    12 |     4 ||    20
 Stab: Invisible         |       |     1 |       |       ||     1
       Held in net/web   |       |       |       |     2 ||     2
  Eat: Chunk             |       |     6 |     8 |     4 ||    18
       Ration            |       |       |     3 |       ||     3
Armor: Scale mail        |    71 |    82 |   252 |    69 ||   474
Dodge: Dodged            |    73 |    81 |   311 |    85 ||   550
